 Dungeon Crawl Stone Soup version 0.26-a0-800-g517d6fe721 (webtiles) character file.

Game seed: 14573869441850165411

65 Ijustatesigmund the Chopper (level 3, -1/49 HPs)
             Began as a Minotaur Berserker on Nov 11, 2020.
             Was a Follower of Trog.
             Slain by an adder (2 damage)
             ... on level 2 of the Dungeon.
             The game lasted 00:01:12 (1061 turns).

Ijustatesigmund the Chopper (Minotaur Berserker)    Turns: 1061, Time: 00:01:12

Health: -1/49      AC:  2    Str: 21    XL:     3   Next: 94%
Magic:  2/2        EV: 12    Int:  4    God:    Trog [*.....]
Gold:   149        SH:  0    Dex: 10    Spells: 2/2 levels left

rFire    . . .     SeeInvis .   a - +0 hand axe
rCold    . . .     Faith    .   (no shield)
rNeg     . . .     Spirit   .   b - +0 animal skin
rPois    .         Reflect  .   (helmet restricted)
rElec    .         Harm     .   (no cloak)
rCorr    .         Rampage  .   (no gloves)
MR       .....                  (no boots)
Stlth    ..........             (no amulet)
HPRegen  0.16/turn              (no ring)
MPRegen  0.08/turn              (no ring)

@: berserking, very quick
A: retaliatory headbutt, horns 2
a: Berserk, Renounce Religion


You were on level 2 of the Dungeon.
You worshipped Trog.
Trog was aware of your devotion.
You visited 1 branch of the dungeon, and saw 2 of its levels.

You collected 149 gold pieces.

Inventory:

Hand Weapons
 a - a +0 hand axe (weapon)
Armour
 b - a +0 animal skin (worn)
Scrolls
 c - 2 scrolls of remove curse {unknown}
 d - a scroll of teleportation {unknown}
 e - a scroll of noise {unknown}
 f - a scroll of identify {unknown}
Potions
 g - 2 potions of might {unknown}
 h - 2 potions of brilliance {unknown}
 i - a potion of flight {unknown}
 j - 2 potions of curing {unknown}


   Skills:
 + Level 4.3 Fighting
 + Level 4.3 Axes
 + Level 3.3 Armour
 + Level 3.0 Dodging


You had 2 spell levels left.
You didn't know any spells.
Your spell library was empty.

Dungeon Overview and Level Annotations

Branches:
Dungeon (2/15)

Altars:


Innate Abilities, Weirdness & Mutations

You reflexively headbutt those who attack you in melee.
You have a pair of horns on your head.


Message History

* * * LOW HITPOINT WARNING * * *
You slash Natasha!
Natasha is almost dead.
You hit the frilled lizard.
You kill the frilled lizard!
Trog accepts your kill. Natasha claws you.
* * * LOW HITPOINT WARNING * * *
You barely miss Natasha.
Natasha is almost dead.
The crimson imp grinds its teeth.
You slash Natasha!
You kill Natasha!
Trog accepts your kill.
Trog appreciates your killing of a magic user.
Natasha screams in pain as she dies!
The crimson imp disappears in a puff of smoke!
Your Dodging skill increases to level 3!
You miss the adder. You hit the worm. The adder bites you.
You die...

....... .....#
..... # #...# #
##### #. #...#.#
#...# ...##...#.#
#.#####
.....(wS..#
#...... #.§@####
#########. ##
#......#
#.........
#...###.§##.#
#(######..
.........##.# #(#
#.. ...###.###.#
#.# ###.. #
#.###.####)#
#....
#..........#
#.##.
#.....####.######
#.##. #####.
#.#########.##.


You could see a worm and an adder.

Vanquished Creatures
  Natasha (D:2)
  An adder (D:2)
  A dart slug (D:1)
  3 leopard geckos (D:1)
  4 bats (D:1)
  2 goblins
  4 hobgoblins (D:1)
  3 jackals (D:2)
  2 kobolds (D:1)
  A ball python (D:1)
  2 frilled lizards
  3 rats (D:1)
27 creatures vanquished.

Notes
Turn   | Place    | Note
-------+----------+-------------------------------------------
     0 | D:1      | Ijustatesigmund the Minotaur Berserker began the quest for
                  | the Orb.
     0 | D:1      | Reached XP level 1. HP: 19/19 MP: 0/0
   180 | D:1      | Reached XP level 2. HP: 20/27 MP: 1/1
   914 | D:2      | Reached XP level 3. HP: 31/33 MP: 2/2
  1048 | D:2      | Noticed Natasha
  1058 | D:2      | HP: 2/49 [Natasha (7)]
  1061 | D:2      | Killed Natasha
  1061 | D:2      | Slain by an adder

Illustrated notes

Levels and vault maps discovered:
D:1:      doesnt_arrival_eight_statues, layout_loops_ring
D:2:      layout_loops_ring, chequers_ecumenical_altar_simple, uniq_sigmund,
          uniq_crazy_yiuf_cottage, uniq_natasha

Skill      XL: |  1  2  3 |
---------------+----------+-----
Axes           | 4 |  4.3
Fighting       | 4 |  4.3
Armour         | 3 |  3.3
Dodging        | 3 |  3.0

Action                   || total
-------------------------++-------
Melee: Hand axe          ||    57
       Headbutt          ||     1
Invok: Berserk           ||     1
 Stab: Distracted        ||     1
Armor: Animal skin       ||    13
Dodge: Dodged            ||    43

Table legend: (Time is in decaauts)
 A = Elapsed time spent in this place.
 B = Non-inter-level travel time spent in this place.
 C = Inter-level travel time spent in this place.
 D = Time resting spent in this place.
 E = Time spent auto-exploring this place.
 F = Levels seen in this place.
 G = Mean time per level.
                   A        B        C        D        E       F      G
               +--------+--------+--------+--------+--------+-----+--------+
         Total |   1064 |   1041 |     23 |      0 |    903 |   2 |  532.0 |
       Dungeon |   1064 |   1041 |     23 |      0 |    903 |   2 |  532.0 |
               +--------+--------+--------+--------+--------+-----+--------+

Top non-repeatable levels by time:
     D:1: 911 daAuts
     D:2: 153 daAuts
